 Seeded DCSS version 0.30-a0-377-g5cb311bc9f (webtiles) character file.

Game seed: 20221131 (custom seed)

52 McGhostyFace the Cutter (level 3, 0/28 HPs)
             Began as a Gnoll Wanderer on Nov 30, 2022.
             Slain by a goblin
             ... wielding a +0 club
             ... led by Robin
              (3 damage)
             ... on level 1 of the Dungeon.
             The game lasted 00:02:32 (1069 turns).

McGhostyFace the Cutter (Gnoll Wanderer)            Turns: 1069, Time: 00:02:33

Health: 0/28       AC:  2    Str: 15    XL:     3   Next: 85%
Magic:  6/7        EV: 11    Int: 13    God:
Gold:   66         SH:  0    Dex:  9    Spells: 6/7 levels left

rFire   . . .      SeeInvis .    h - +1 dagger (venom)
rCold   . . .      Faith    .    (no shield)
rNeg    . . .      Spirit   .    e - +0 robe
rPois   .          Reflect  .    (no helmet)
rElec   .          Harm     .    (no cloak)
rCorr   .          Rampage  .    (no gloves)
Will    .....                    (no boots)
Stlth   +.........               (no amulet)
HPRegen 0.24/turn                (no ring)
MPRegen 0.10/turn                (no ring)

@: flying
A: fangs 1, strong nose, distributed training, strong 1
a: no special abilities


You were on level 1 of the Dungeon.
You visited 1 branch of the dungeon, and saw 2 of its levels.

You collected 66 gold pieces.

Inventory:

Hand Weapons
 h - a +1 dagger of venom (weapon)
Missiles
 b - 8 boomerangs (quivered)
Armour
 e - a +0 robe (worn)
Scrolls
 c - a scroll of blinking {unknown}
 f - a scroll of summoning {unknown}
 g - 2 scrolls of enchant armour {unknown}
 i - a scroll of immolation {unknown}
Potions
 d - a potion of brilliance {unknown}


   Skills:
 + Level 2.7 Fighting
 + Level 6.5 Short Blades
 + Level 1.0 Long Blades
 + Level 1.0 Axes
 + Level 1.0 Maces & Flails
 + Level 1.0 Polearms
 + Level 1.0 Staves
 + Level 1.0 Ranged Weapons
 + Level 2.7 Throwing
 + Level 1.0 Armour
 + Level 1.0 Dodging
 + Level 1.0 Stealth
 + Level 1.0 Shields
 + Level 1.0 Unarmed Combat
 + Level 2.9 Spellcasting
 + Level 0.7 Conjurations
 + Level 0.7 Hexes
 + Level 0.7 Summonings
 + Level 0.7 Necromancy
 + Level 0.7 Translocations
 + Level 0.7 Transmutations
 + Level 5.4 Fire Magic
 + Level 0.7 Ice Magic
 + Level 0.7 Air Magic
 + Level 0.7 Earth Magic
 + Level 0.7 Poison Magic
 + Level 1.1 Invocations
 + Level 2.7 Evocations


You had 6 spell levels left.
You knew the following spells:

 Your Spells              Type           Power      Damage    Failure   Level
a - Foxfire               Conj/Fire      36%        2x1d5     6%          1

Your spell library contained the following spells:

 Spells                   Type           Power      Damage    Failure   Level
 Kindle Blastsparks       Fire/Tloc/Air  14%        2d11      26%         3


Dungeon Overview and Level Annotations

Branches:
Dungeon (2/15)

Altars:

Shops:
D:1 !

Annotations:
D:2 Robin


Innate Abilities, Weirdness & Mutations

You have very sharp teeth.
Your uncanny sense of smell can sniff out nearby items.
Your experience applies equally to all skills.
Your muscles are strong. (Str +4, Int/Dex -1)


Message History

Casting: Foxfire (safe; 7% risk of failure)
Confirm with . or Enter, or press ? or * to list all spells.
You conjure some foxfire!
The hobgoblin closely misses you. x2
The hobgoblin hits you. The goblin hits you but does no damage.
Unknown command.
You barely miss the hobgoblin.
The hobgoblin is heavily wounded.
The foxfire hits the goblin.
The goblin is heavily wounded.
The hobgoblin barely misses you. The hobgoblin hits you. x2
Unknown command.
You hit the hobgoblin.
The hobgoblin is poisoned.
The hobgoblin is severely wounded.
The hobgoblin hits you.
* * * LOW HITPOINT WARNING * * *
The hobgoblin completely misses you. The goblin barely misses you.
The hobgoblin completely misses you.
You fly upwards.
There is a stone staircase leading down here.
Unknown command.
You hit the hobgoblin but do no damage.
The hobgoblin is poisoned.
You kill the hobgoblin!
The hobgoblin hits you.
* * * LOW HITPOINT WARNING * * *
The goblin closely misses you.
You hit the hobgoblin.
The hobgoblin looks as sick as possible!
You bite the hobgoblin, but do no damage.
The hobgoblin is moderately wounded.
You kill the hobgoblin!
The goblin hits you with a +0 club.
* * * LOW HITPOINT WARNING * * *
You hit the hobgoblin but do no damage.
The hobgoblin looks as sick as possible!
The hobgoblin is almost dead.
You closely miss the hobgoblin.
The hobgoblin is almost dead.
You kill the hobgoblin!
The goblin hits you with a +0 club.
You die...

8#......# #.# ##......# #.#
........# #.# ........# #.#
######.## #.# # #.# #######.)
# #.# ##########.....#.∩ #
#.# #g†........#...... # #.#
#@##########.#####
######.#########†##########.#
#
....).....................#.#
#
#####.#..........########.#.#
# # ##.########### ######.#.#
# # ### #....(...# # #
#.####.####### ##### #.#
#........ ....# #.# #########


You could see a goblin.

Vanquished Creatures
  An adder (D:2)
  3 ball pythons (D:1)
  3 bats
  An endoplasm (D:1)
  2 giant cockroaches (D:1)
  8 hobgoblins (D:1)
  4 jackals (D:1)
  3 quokkas
  4 goblins
  3 kobolds (D:1)
  5 rats (D:1)
37 creatures vanquished.

Vanquished Creatures (others)
  19 foxfires
19 creatures vanquished.

Grand Total: 56 creatures vanquished

Notes
Turn   | Place    | Note
-------+----------+-------------------------------------------
     0 | D:1      | McGhostyFace the Gnoll Wanderer began the quest for the
                  | Orb.
     0 | D:1      | McGhostyFace set off with the following items: a +0 rapier,
                  | 9 boomerangs, a +0 dagger, a potion of mutation, a +0 robe;
                  | and the following spell memorised: Foxfire; and the
                  | following spells available to memorise: Kindle Blastsparks.
     0 | D:1      | Reached XP level 1. HP: 17/17 MP: 4/4
     0 | D:1      | Gained mutation: Your muscles are strong. (Str +4, Int/Dex
                  | -1) [potion of mutation]
   101 | D:1      | Reached XP level 2. HP: 14/23 MP: 2/5
   396 | D:1      | Reached XP level 3. HP: 28/28 MP: 7/7
   443 | D:1      | Found Zeesm's Distillery.
   700 | D:1      | Reached skill level 1 in Invocations
   905 | D:2      | Reached skill level 1 in Long Blades
   905 | D:2      | Reached skill level 1 in Axes
   905 | D:2      | Reached skill level 1 in Maces & Flails
   905 | D:2      | Reached skill level 1 in Polearms
   905 | D:2      | Reached skill level 1 in Staves
   905 | D:2      | Reached skill level 1 in Ranged Weapons
   905 | D:2      | Reached skill level 1 in Armour
   905 | D:2      | Reached skill level 1 in Dodging
   905 | D:2      | Reached skill level 1 in Stealth
   905 | D:2      | Reached skill level 1 in Shields
   905 | D:2      | Reached skill level 1 in Unarmed Combat
  1039 | D:2      | Noticed Robin
  1069 | D:1      | Slain by a goblin

Illustrated notes

Levels and vault maps discovered:
D:1:      heliophobic_arrival_ceremonial_halls, layout_loops_ring, serial_shops,
          nicolae_shop_stone
D:2:      layout_rooms, uniq_robin, uniq_natasha

Skill      XL: |  1  2  3 |
---------------+----------+-----
Invocations    | 1 |  1.1
Long Blades    | 1 |  1.0
Axes           | 1 |  1.0
Maces & Flails | 1 |  1.0
Polearms       | 1 |  1.0
Staves         | 1 |  1.0
Ranged Weapons | 1 |  1.0
Armour         | 1 |  1.0
Dodging        | 1 |  1.0
Stealth        | 1 |  1.0
Shields        | 1 |  1.0
Unarmed Combat | 1 |  1.0
Fighting       | |  2.7
Short Blades   | |  6.5
Throwing       | |  2.7
Spellcasting   | |  2.9
Conjurations   | |  0.7
Hexes          | |  0.7
Summonings     | |  0.7
Necromancy     | |  0.7
Translocations | |  0.7
Transmutations | |  0.7
Fire Magic     | |  5.4
Ice Magic      | |  0.7
Air Magic      | |  0.7
Earth Magic    | |  0.7
Poison Magic   | |  0.7
Evocations     | |  2.7

Action                   || total
-------------------------++-------
Melee: Rapier            ||    50
       Bite              ||    10
       Dagger            ||    35
Throw: Boomerang         ||    27
 Cast: Foxfire           ||    13
  Use: Potion            ||     3
 Stab: Sleeping          ||     2
Armor: Robe              ||    17
Dodge: Dodged            ||    66

Table legend: (Time is in decaauts)
 A = Elapsed time spent in this place.
 B = Non-inter-level travel time spent in this place.
 C = Inter-level travel time spent in this place.
 D = Time resting spent in this place.
 E = Time spent auto-exploring this place.
 F = Levels seen in this place.
 G = Mean time per level.
                   A        B        C        D        E       F      G
               +--------+--------+--------+--------+--------+-----+--------+
         Total |   1057 |   1013 |     44 |    174 |    612 |   2 |  528.5 |
       Dungeon |   1057 |   1013 |     44 |    174 |    612 |   2 |  528.5 |
               +--------+--------+--------+--------+--------+-----+--------+

Top non-repeatable levels by time:
     D:1: 898 daAuts
     D:2: 158 daAuts
